 Dungeon Crawl Stone Soup version 0.17-a0-1636-g3119f2b (webtiles) character file.

5937 gonzalo the Grappler (level 10, -10/100 HPs)
             Began as a Troll Berserker on Aug 6, 2015.
             Was a High Priest of Trog.
             Mangled by a nine-headed hydra (18 damage)
             ... on level 2 of the Lair of Beasts.
             The game lasted 00:38:51 (8191 turns).

gonzalo the Grappler (Troll Berserker)              Turns: 8191, Time: 00:38:53

Health: -10/100    AC:  6    Str: 30    XL:     10   Next: 54%
Magic:  9/9        EV:  5    Int:  3    God:    Trog [*****.]
Gold:   400        SH:  0    Dex:  9    Spells: 0 memorised, 9 levels left

rFire  . . .     SeeInvis +       - Unarmed
rCold  . . .     Clarity  .     a - +0 animal skin
rNeg   . . .     SustAt   .     (no shield)
rPois  .         Gourm    +     (helmet restricted)
rElec  .         Spirit   .     n - +0 cloak
rCorr  .         Warding  .     (gloves unavailable)
rMut   .         Stasis   .     (boots unavailable)
MR     +....                    (no amulet)
Stlth  +.........               h - ring of protection from magic
                                f - ring of see invisible

@: somewhat resistant to hostile enchantments, very unstealthy
A: unfitting armour, claws 3, fast metabolism 3, gourmand, regeneration 2,
shaggy fur 1, tough skin 2
a: Burn Spellbooks, Berserk, Trog's Hand, Brothers in Arms, Renounce Religion


You were on level 2 of the Lair of Beasts.
You worshipped Trog.
Trog was extremely pleased with you.
You were very full.

You visited 2 branches of the dungeon, and saw 10 of its levels.

You collected 581 gold pieces.
You spent 181 gold pieces at shops.

Inventory:

Hand weapons
 j - a +2 whip of holy wrath
Armour
 a - a +0 animal skin (worn)
 n - a +0 cloak (worn)
Jewellery
 f - a ring of see invisible (left claw)
 h - a ring of protection from magic (right claw)
 k - a +5 ring of protection
 x - an uncursed amulet of clarity
Magical devices
 m - a wand of hasting (4)
 y - a wand of magic darts (28)
 A - a wand of polymorph (14)
 B - a wand of frost (11)
 H - a wand of flame (35)
 K - a wand of teleportation (4)
Scrolls
 c - 2 scrolls of fog
 d - 5 scrolls of teleportation
 g - a scroll of enchant weapon
 o - 5 scrolls of identify
 C - a scroll of amnesia {unknown}
 E - 6 scrolls of remove curse
 F - a scroll of noise {unknown}
 I - a scroll of immolation {unknown}
 J - 2 scrolls of recharging
 M - a scroll of enchant armour {unknown}
 N - 2 scrolls of magic mapping {unknown}
 O - a scroll of random uselessness {unknown}
Potions
 e - 5 potions of curing
 i - 4 potions of brilliance
 q - 2 potions of ambrosia
 r - 4 potions of cure mutation {unknown}
 s - 3 potions of heal wounds {unknown}
 v - 2 potions of agility {unknown}
 w - 2 potions of cancellation {unknown}
 z - a potion of magic {unknown}
 D - a potion of poison {unknown}
 G - a potion of flight {unknown}
 L - a potion of berserk rage {unknown}
Books
 P - a book of Envenomations

   Spells                             Type                      Level
   a - Spider Form                    Transmutation/Poison         3
   b - Alistair's Intoxication        Transmutation/Poison         4
   c - Olgreb's Toxic Radiance        Poison                       4
   d - Poisonous Cloud                Conjuration/Poison/Air       6
   Trog disapproves of the use of such an item.
Comestibles
 b - 10 bread rations
 l - 3 slices of pizza
 p - a meat ration
 t - 9 fruits
 u - 8 beef jerkies
 Q - a chunk of flesh


   Skills:
 + Level 6.4 Fighting
 - Level 2.4 Dodging
 + Level 14.0 Unarmed Combat


You had 9 spell levels left.
You didn't know any spells.

Dungeon Overview and Level Annotations

Branches:
Dungeon (8/15)             Temple (0/1) D:5            Lair (2/8) D:8

Altars:
Cheibriados
Elyvilon
Makhleb
Qazlal
Ru
Sif Muna
Xom
Zin

Shops:
D:4 (}**   D:7 }

Portals:
Sewer: D:3


Innate Abilities, Weirdness & Mutations

You are too large for most types of armour.
You have claws for hands.
Your metabolism is lightning-fast.
You like to eat raw meat.
You heal very quickly.
You are covered in fur (AC +1).
You have very tough skin (AC +2).


Message History

The nine-headed hydra is severely wounded.
The nine-headed hydra closely misses you.
The nine-headed hydra bites you!
The nine-headed hydra barely misses you.
The nine-headed hydra bites you!!
* * * LOW HITPOINT WARNING * * *
The nine-headed hydra misses you.
The nine-headed hydra bites you but does no damage.
The nine-headed hydra closely misses you.
The nine-headed hydra bites you.
* * * LOW HITPOINT WARNING * * *
The nine-headed hydra bites you but does no damage.
The yak barely misses you. x2
The nine-headed hydra bites you but does no damage.
The nine-headed hydra bites you.
* * * LOW HITPOINT WARNING * * *
The nine-headed hydra barely misses you.
The nine-headed hydra bites you but does no damage.
The nine-headed hydra bites you!!
You die...

. ........# .P.#.. #.
....##.# ......
#.###......###......
P##...................
....................
...........#......#.##
..........Y#..........
...#....@D..P.#.....
......(..YY...........
........##.P..........
.......###............
.....#####............
#.... #†.........#...
........†#:.......##..
..$...........#..## >.
...............#


You could see a nine-headed hydra and 3 yaks.

Vanquished Creatures
  An elephant (D:8)
  A spiny frog (Lair:1)
  A komodo dragon (Lair:2)
  The ghost of kinazarov the Insei, an average HuMo of Kikubaaqudgha (D:4)
  Grinder (D:5)
  Sigmund (D:2)
  A hippogriff (Lair:1)
  A hungry ghost (D:7)
  3 yaks (Lair:2)
  2 water moccasins (Lair:1)
  3 sky beasts (D:5)
  4 ice beasts
  An eye of draining (D:7)
  5 ogres
  3 centaurs
  2 crocodiles
  A giant frog (D:3)
  A gnoll sergeant (D:6)
  A scorpion (D:7)
  A wight (D:5)
  7 killer bees
  9 crimson imps
  A giant frog zombie (D:8)
  3 orc wizards
  A quasit (D:8)
  2 centaur skeletons
  4 hounds
  2 jellies
  3 orc priests
  A giant frog skeleton (D:6)
  Crazy Yiuf (D:2)
  4 iguanas
  4 worker ants
  Natasha (thrice) (D:2)
  A sheep (D:8)
  A worker ant zombie (D:7)
  Robin (D:2)
  19 gnolls
  13 adders
  2 oozes
  An adder skeleton (D:7)
  7 worms
  27 orcs
  9 bats
  A giant cockroach (D:1)
  6 hobgoblins
  4 jackals
  3 quokkas
  5 ball pythons
  8 giant geckos
  2 giant gecko skeletons
  3 giant newts
  15 goblins
  12 kobolds
  2 rats (D:1)
  2 plants
224 creatures vanquished.

Vanquished Creatures (others)
  2 fungi
  A plant (Lair:2)
3 creatures vanquished.

Grand Total: 227 creatures vanquished

Notes
Turn   | Place    | Note
--------------------------------------------------------------
     0 | D:1      | gonzalo the Troll Berserker began the quest for the Orb.
     0 | D:1      | Reached XP level 1. HP: 22/22 MP: 0/0
   220 | D:1      | Reached XP level 2. HP: 22/29 MP: 1/1
   465 | D:1      | Acquired Trog's second power
   465 | D:1      | Reached skill level 4 in Unarmed Combat
   619 | D:1      | Reached XP level 3. HP: 36/36 MP: 2/2
   885 | D:2      | Noticed Sigmund
   889 | D:2      | Noticed Natasha
   895 | D:2      | Killed Sigmund
   895 | D:2      | Reached skill level 6 in Unarmed Combat
   895 | D:2      | Reached XP level 4. HP: 30/44 MP: 3/3
   895 | D:2      | Reached XP level 5. HP: 34/50 MP: 4/4
   900 | D:2      | Killed Natasha
  1311 | D:2      | Noticed Natasha
  1318 | D:2      | Killed Natasha
  1358 | D:2      | Noticed Natasha
  1362 | D:2      | Killed Natasha
  1402 | D:2      | Reached XP level 6. HP: 59/59 MP: 5/5
  1461 | D:2      | Found a white marble altar of Elyvilon.
  1511 | D:2      | Noticed Robin
  1545 | D:2      | Killed Robin
  1545 | D:2      | Reached skill level 7 in Unarmed Combat
  1665 | D:2      | Noticed Crazy Yiuf
  1674 | D:2      | Killed Crazy Yiuf
  1933 | D:3      | Found a burning altar of Makhleb.
  2030 | D:3      | Found a glowing drain.
  2458 | D:4      | Reached skill level 8 in Unarmed Combat
  2458 | D:4      | Reached XP level 7. HP: 25/66 MP: 6/6
  2623 | D:4      | Noticed kinazarov's ghost (average HuMo)
  2646 | D:4      | Killed kinazarov's ghost
  2879 | D:4      | Reached skill level 9 in Unarmed Combat
  3051 | D:4      | Found Xosal's Assorted Antiques.
  3051 | D:4      | Found Nisuni Low's General Store.
  3088 | D:4      | Found a shimmering altar of Xom.
  3141 | D:4      | Found Fegeuroe's Weapon Shoppe.
  3158 | D:4      | Acquired Trog's third power
  3166 | D:4      | Bought a +2 whip of holy wrath for 181 gold pieces
  3287 | D:4      | Found Viriud's Gadget Shoppe.
  3584 | D:5      | Entered Level 5 of the Dungeon
  3584 | D:5      | Found Kupaan's Jewellery Emporium.
  3606 | D:5      | Reached XP level 8. HP: 57/74 MP: 7/7
  3628 | D:5      | Reached skill level 10 in Unarmed Combat
  3713 | D:5      | Noticed Grinder
  3725 | D:5      | Killed Grinder
  3840 | D:5      | Reached skill level 11 in Unarmed Combat
  4781 | D:5      | Reached XP level 9. HP: 74/83 MP: 8/8
  5092 | D:5      | Found a staircase to the Ecumenical Temple.
  5316 | D:5      | Reached skill level 12 in Unarmed Combat
  5349 | D:5      | Found a sacrificial altar of Ru.
  5350 | D:5      | Found a glowing silver altar of Zin.
  5351 | D:5      | Found a deep blue altar of Sif Muna.
  5624 | D:6      | Found a stormy altar of Qazlal.
  5624 | D:6      | Found a snail-covered altar of Cheibriados.
  5753 | D:6      | Found a shimmering altar of Xom.
  6213 | D:7      | Found Uhoippec's Gadget Boutique.
  6605 | D:7      | Reached skill level 13 in Unarmed Combat
  6625 | D:7      | Reached skill level 5 in Fighting
  6934 | D:8      | Received a gift from Trog
  7046 | D:8      | Reached XP level 10. HP: 96/96 MP: 9/9
  7126 | D:8      | Found a staircase to the Lair.
  7126 | D:8      | Noticed an elephant
  7139 | D:8      | Killed an elephant
  7254 | Lair:1   | Entered Level 1 of the Lair of Beasts
  8059 | Lair:2   | Noticed a seven-headed hydra
  8065 | Lair:2   | Reached skill level 14 in Unarmed Combat
  8069 | Lair:2   | HP: 2/100 [yak (10)]
  8191 | Lair:2   | Mangled by a nine-headed hydra

Vault maps used:
D:1:      saegor_arrival_under_anarchy
D:2:      elyvilon_altar_3, uniq_crazy_yiuf_cottage, uniq_natasha, uniq_robin,
          uniq_sigmund
D:3:      overflow_temple_1_default, gup_sewer_entry_glass, first_bread,
          minmay_quantized
D:4:      nicolae_overflow_crystal_walls, serial_shops,
          nicolae_shop_temple_entry_statues_fountains, shop,
          nicolae_shop_temple_entry_statues_fountains, shop
D:5:      forest_paths, minitemple, minmay_temple_entry_enclosed_plants,
          serial_shops, nicolae_shop_waterfront, uniq_grinder
D:6:      amethyst_overflow_temple_binary, tgw_xom
D:7:      serial_shops, shop, grunt_ogre_cave,
          eino_small_chamber_without_monster
D:8:      david_lair_generic
Lair:2:   infiniplex_staircase_pool_2

Action                   |  1- 3 |  4- 6 |  7- 9 | 10-12 || total
-------------------------+-------+-------+-------+-------++-------
Melee: Unarmed           |    87 |   140 |   331 |    77 ||   635
Invok: Berserk           |     1 |       |       |       ||     1
  Use: Scroll            |       |     6 |     6 |       ||    12
       Potion            |       |       |     6 |     2 ||     8
 Stab: Sleeping          |       |       |       |     1 ||     1
  Eat: Chunk             |    13 |    16 |    40 |    10 ||    79
       Bread ration      |       |       |       |     1 ||     1
